Cogmind - Beta 14 @@@ ROGUE MODE // 2025.05.01 @ 19:02:23 Player: btrs Result: Destroyed by D-53 Grenadier with Mini Grenade Launcher Performance ------------- Evolutions (0) 0 Regions Visited (4) 800 Robots Destroyed (17) 85 Value Destroyed (382) 382 Prototype IDs (23) 460 Alien Tech Used (0) 0 Bonus (288) 288 TOTAL SCORE: 2015 Bonus ------- Follower Combat Kills 14 Aligned with FarCom 300 Friendly Fire -26 Cogmind --------- Core Integrity 0/250 Matter 290/300 Energy 165/250 System Corruption 0% Temperature Cool (0) Movement Walking (260) Ox2 Location -9/Mines Parts ------- > --- POWER (1) -------- Ion Engine > --- PROPULSION (2) --- Aluminum Leg Improved Aluminum Leg > --- UTILITY (2) ------ Small Storage Unit Large Storage Unit > --- WEAPON (2) ------- Latent Energy Streamer Slug Cannon > --- INVENTORY (15) --- Light Ion Engine Light Ion Engine Light Ion Engine Aluminum Leg Aluminum Leg Aluminum Leg Aluminum Leg Improved Aluminum Leg Improved Heat Sink Beam Rifle Beam Rifle Particle Gun Assault Rifle Hammer Proton Bomb Trap Peak State ------------ > --- POWER ------------ Light Ion Engine > --- PROPULSION ------- Aluminum Leg Improved Aluminum Leg > --- UTILITY ---------- Small Storage Unit Large Storage Unit > --- WEAPON ----------- Latent Energy Streamer Slug Cannon > --- INVENTORY -------- Ion Engine Light Ion Engine Light Ion Engine Aluminum Leg Aluminum Leg Aluminum Leg Aluminum Leg Improved Aluminum Leg Improved Heat Sink Beam Rifle Beam Rifle Particle Gun Assault Rifle Hammer Proton Bomb Trap [Rating: 22] Favorites ----------- Power Light Ion Engine Engine Light Ion Engine Power Core Light Nuclear Core Propulsion Improved Aluminum Leg Treads Light Treads Leg Improved Aluminum Leg Utility Small Storage Unit Storage Small Storage Unit Weapon Assault Rifle Energy Gun Beam Rifle Energy Cannon Latent Energy Streamer Ballistic Gun Assault Rifle Ballistic Cannon Slug Cannon Build | -11 -10 -10 -10 -9 ------- Run | Yrd Mat Min Exi Min Slots Evolved . | . . . . . Power . | . . . . . Propulsion . | . . . . . Utility . | . . . . . Weapon . | . . . . . Parts Attached 21 | 6 4 5 1 5 Power 4 | 1 . 2 . 1 Engine 3 | 1 . 1 . 1 Core 1 | . . 1 . . Reactor . | . . . . . Propulsion 6 | 2 2 2 . . Treads 2 | 2 . . . . Leg 4 | . 2 2 . . Wheel . | . . . . . Hover . | . . . . . Flight . | . . . . . Utility 2 | 1 1 . . . Device . | . . . . . Storage 2 | 1 1 . . . Processor . | . . . . . Hackware . | . . . . . Protection . | . . . . . Artifact . | . . . . . Weapon 9 | 2 1 1 1 4 Energy Gun 2 | . 1 . . 1 Energy Cannon 2 | . . . 1 1 Ballistic Gun 4 | 2 . 1 . 1 Ballistic Cannon 1 | . . . . 1 Launcher . | . . . . . Special Weapon . | . . . . . Impact Weapon . | . . . . . Slashing Weapon . | . . . . . Piercing Weapon . | . . . . . Special Melee Weapon . | . . . . . Unidentified Prototypes . | . . . . . Parts Lost 5 | . . 5 . . Power 2 | . . 2 . . Propulsion 2 | . . 2 . . Utility . | . . . . . Weapon 1 | . . 1 . . Highest Loss Streak 3 | . . 3 . . To Critical Strikes . | . . . . . Average Slot Usage (%) 93 | . 97 98 75 100 Engine 10 | . 14 5 14 14 Core 2 | . . 7 . . Leg 27 | . 27 28 28 28 Storage 27 | . 25 28 28 28 Energy Gun 10 | . 13 14 2 4 Energy Cannon 1 | . . . . 12 Ballistic Gun 10 | . 14 14 2 1 Ballistic Cannon 1 | . . . . 9 Peak Build Rating 22 | 6 11 13 18 22 Average Rating 11 | 4 10 11 8 20 On Entrance 7 | . 6 11 11 9 Naked Turns . | . . . . . Heaviest Build 45 | 11 33 35 33 45 Greatest Support 40 | 40 40 26 23 23 Greatest Overweight (x) 3 | . 3 1 1 1 Average Overweight (x) . | . . 1 1 1 Largest Inventory Capacity 15 | 8 15 15 15 15 Average Capacity 14 | 6 13 15 15 15 Most Carried 15 | . 11 15 15 15 Average Carried 12 | . 7 14 15 14 Final Capacity 15 | 8 15 15 15 15 Final Carried 15 | . 11 15 15 15 Class Distribution -------------------- 100% | Mutant Dominant Class ---------------- Mutant | -10/Materials Mutant | -10/Mines Mutant | -10/Exiles Mutant | -9/Mines Resources | -11 -10 -10 -10 -9 ----------- Run | Yrd Mat Min Exi Min Matter Collected 539 | 214 134 126 . 65 Remotely . | . . . . . Salvage Created 511 | . 194 293 . 24 Parts 29 | . 4 25 . . Haulers Intercepted 1 | . 1 . . . Recyclers Shooed . | . . . . . Parts Field Recycled . | . . . . . Retrieved Matter . | . . . . . Parts Self-Destructed . | . . . . . Prevented . | . . . . . Kills | -11 -10 -10 -10 -9 ------- Run | Yrd Mat Min Exi Min Combat Hostiles Destroyed 17 | . 3 12 . 2 Guns 16 | . 3 12 . 1 Cannons 1 | . . . . 1 Classes Destroyed 4 | . 2 1 . 1 Hauler 1 | . 1 . . . Swarmer 9 | . . 8 . 1 Grunt 7 | . 3 4 . . Assembled 1 | . . . . 1 Best Kill Streak 3 | . 2 3 . 1 Combat Bots Only 3 | . 2 3 . 1 Max Kills in Single Turn 1 | . 1 1 . 1 Gunslinging . | . . . . . Exploded . | . . . . . Melee . | . . . . . Uniques/NPCs Destroyed . | . . . . . Combat | -11 -10 -10 -10 -9 -------- Run | Yrd Mat Min Exi Min Hostile Shots Fired 111 | . 17 87 . 7 Missed 30 | . 4 24 . 2 Damage Taken 1073 | . 167 723 . 183 Core 267 | . 28 199 . 40 Absorbed by Shields . | . . . . . Core Remaining (%) 100 | 100 . . . . Volleys Fired 52 | . 16 32 . 4 Largest 2 | . 2 2 . 2 Hottest 76 | . 76 76 . 76 Shots Fired 102 | . 32 64 . 6 Gun 100 | . 32 64 . 4 Cannon 2 | . . . . 2 Launcher . | . . . . . Special . | . . . . . Kinetic 52 | . 16 32 . 4 Thermal 50 | . 16 32 . 2 Explosive . | . . . . . Electromagnetic . | . . . . . Robot Hit Streak 9 | . 4 9 . 1 Robot Miss Streak 4 | . 2 4 . 3 Penetration Max . | . . . . . Secondary Targets 3 | . . 3 . . Max Gunslinging Chain 1 | . . 1 . . Shots Hit Robots 64 | . 22 40 . 2 Core Hits 30 | . 9 18 . 3 Critical Kills . | . . . . . Critical Parts Destroyed . | . . . . . Critical Strikes 1 | . . 1 . . Burn 1 | . . 1 . . Melee Attacks . | . . . . . Impact . | . . . . . Slashing . | . . . . . Piercing . | . . . . . Sneak Attacks . | . . . . . Combat Hostiles . | . . . . . Follow-up Attacks . | . . . . . Damage Inflicted 923 | . 296 556 . 71 Guns 886 | . 296 553 . 37 Cannons 34 | . . . . 34 Explosions . | . . . . . Melee . | . . . . . Ramming 3 | . . 3 . . Kinetic 429 | . 150 222 . 57 Thermal 491 | . 146 331 . 14 Explosive . | . . . . . Electromagnetic . | . . . . . Impact . | . . . . . Slashing . | . . . . . Piercing . | . . . . . Highest Corruption . | . . . . . Average Corruption . | . . . . . Corruption Purged . | . . . . . Corruption Blocked . | . . . . . Overload Shots . | . . . . . Overflow Damage . | . . . . . Projectiles . | . . . . . Explosions . | . . . . . Melee . | . . . . . Knockbacks . | . . . . . Impact . | . . . . . Kinetic . | . . . . . Secondary . | . . . . . Self-Inflicted Damage . | . . . . . Shots . | . . . . . Rammed . | . . . . . Targets Rammed 2 | . . 1 . 1 Kicked 2 | . . 1 . 1 Crushed . | . . . . . Highest Temperature 199 | . 199 142 . 30 Average Temperature 64 | . 82 60 . 14 Received Heat Transfer 345 | . 90 255 . . Siege Activations . | . . . . . Robots Corrupted . | . . . . . Combat Hostiles . | . . . . . Parts Fried . | . . . . . Impact Corruptions . | . . . . . Robots Melted . | . . . . . Combat Hostiles . | . . . . . Parts Melted 4 | . 1 2 . 1 Heat Transferred 1332 | . 370 925 . 37 Parts Sabotaged . | . . . . . Parts Stolen . | . . . . . Parts Stripped . | . . . . . Power Chain Reactions . | . . . . . Alert | -11 -10 -10 -10 -9 ------- Run | Yrd Mat Min Exi Min Peak Influence 185 | . 50 185 . 81 Initial 19 | . . 19 . . Average 49 | . 20 72 . 64 Maximum Alert Level . | . . . . . Low Security (%) 100 | 100 100 100 . 100 Level 1 . | . . . . . Level 2 . | . . . . . Level 3 . | . . . . . Level 4 . | . . . . . Level 5 . | . . . . . High Security . | . . . . . Max Security . | . . . . . Squads Dispatched . | . . . . . Investigation . | . . . . . Extermination . | . . . . . Reinforcement . | . . . . . Assault . | . . . . . Garrison . | . . . . . Intercept . | . . . . . Searches Triggered . | . . . . . Construction Impeded . | . . . . . Haulers Reinforced . | . . . . . Active Scanning Responses . | . . . . . Cargo Convoy Interrupts . | . . . . . Stealth | -11 -10 -10 -10 -9 --------- Run | Yrd Mat Min Exi Min Distress Signals 1 | . 1 . . . Communications Jammed . | . . . . . Distress Signals . | . . . . . Times Spotted 27 | . 3 15 . 9 Peak Tracking Total 3 | . 2 3 . 3 Tactical Retreats 1 | . . 1 . . Traps | -11 -10 -10 -10 -9 ------- Run | Yrd Mat Min Exi Min Traps Triggered . | . . . . . Indirectly . | . . . . . Trap Hack Attempts . | . . . . . Triggered . | . . . . . Disarmed . | . . . . . Reprogrammed . | . . . . . Reused . | . . . . . Traps Extracted . | . . . . . Installed . | . . . . . Triggered . | . . . . . Most Traps Carried 1 | . . 1 1 1 Machines | -11 -10 -10 -10 -9 ---------- Run | Yrd Mat Min Exi Min Machines Disabled . | . . . . . Max in Single Turn . | . . . . . Machines Repaired . | . . . . . Machines Dismantled . | . . . . . Machines Sabotaged . | . . . . . Overloaded Fab Kills . | . . . . . Hacking | -11 -10 -10 -10 -9 --------- Run | Yrd Mat Min Exi Min Machines Accessed 2 | . 1 . 1 . Terminals 1 | . 1 . . . Fabricators . | . . . . . Repair Stations . | . . . . . Recycling Units . | . . . . . Scanalyzers . | . . . . . Garrison Access . | . . . . . Total Hacks 3 | . 2 . 1 . Successful 2 | . 1 . 1 . Failed 1 | . 1 . . . Catastrophic . | . . . . . Database Lockouts . | . . . . . Manual 3 | . 2 . 1 . Terminals 2 | . 2 . . . Fabricators . | . . . . . Repair Stations . | . . . . . Recycling Units . | . . . . . Scanalyzers . | . . . . . Garrison Access . | . . . . . Terminal Hacks 2 | . 1 . 1 . Locate Traps 1 | . 1 . . . Derelict Proto ID Bank 1 | . . . 1 . Fabricator Hacks . | . . . . . Repair Station Hacks . | . . . . . Recycling Unit Hacks . | . . . . . Scanalyzer . | . . . . . Garrison Access Hacks . | . . . . . Unauthorized Hacks . | . . . . . Terminals . | . . . . . Fabricators . | . . . . . Repair Stations . | . . . . . Recycling Units . | . . . . . Scanalyzers . | . . . . . Garrison Access . | . . . . . Data Cores Recovered . | . . . . . Used . | . . . . . Hacking Detections . | . . . . . Full Trace Events . | . . . . . Feedback Events . | . . . . . Feedback Blocked . | . . . . . Robot Schematics Acquired . | . . . . . Robots Built . | . . . . . Authchips . | . . . . . Time . | . . . . . Total Robot Build Rating . | . . . . . Part Schematics Acquired . | . . . . . Parts Built . | . . . . . Authchips . | . . . . . Time . | . . . . . Total Part Build Rating . | . . . . . Parts Repaired . | . . . . . Time . | . . . . . Parts Recycled . | . . . . . Recycled Matter . | . . . . . Retrieved Matter . | . . . . . Retrieved Components . | . . . . . Parts Scanalyzed . | . . . . . Part Schematics Acquired . | . . . . . Parts Damaged . | . . . . . Bothacking | -11 -10 -10 -10 -9 ------------ Run | Yrd Mat Min Exi Min Used RIF Installer . | . . . . . Robots Hacked . | . . . . . Non-combat . | . . . . . Combat . | . . . . . Robot Hacks Applied . | . . . . . Relay Couplers Released . | . . . . . Fabnet Peak Effective % . | . . . . . Robots Rewired . | . . . . . Allies Hacked . | . . . . . Hacks Repelled . | . . . . . Allies | -11 -10 -10 -10 -9 -------- Run | Yrd Mat Min Exi Min Total Allies 3 | . . 3 . . Largest Group 3 | . . 3 3 3 Highest-Rated Group 40 | . . 40 40 40 Highest-Rated Ally 16 | . . 16 16 16 Total Orders . | . . . . . Ally Attacks 40 | . . . . 40 Total Damage 377 | . . . . 377 Kills 6 | . . . . 6 Allies Corrupted . | . . . . . Allies Melted . | . . . . . Intel | -11 -10 -10 -10 -9 ------- Run | Yrd Mat Min Exi Min Robot Analysis Total . | . . . . . Derelict Logs Recovered 3 | . . 2 . 1 Drone Launches . | . . . . . Drone Recoveries . | . . . . . Exploration | -11 -10 -10 -10 -9 ------------- Run | Yrd Mat Min Exi Min Turns Passed 2192 | 71 618 784 421 298 Spaces Moved 1038 | 44 301 344 219 130 Core 8 | 7 1 . . . Treads 49 | 37 12 . . . Legs 981 | . 288 344 219 130 Wheels . | . . . . . Hover . | . . . . . Flight . | . . . . . Fastest Speed 50 | 50 120 190 190 190 Average Speed 184 | 142 176 190 190 190 Slowest Speed 200 | 160 200 190 190 190 Overloaded Moves . | . . . . . Propulsion Burnouts . | . . . . . Robots Hopped . | . . . . . Cave-ins Triggered . | . . . . . Exploration Rate (%) 36 | 5 33 61 61 23 Regions Visited 4 Branch Regions 3 Pre-discovered Areas 3 | . . 2 . 1 Known Exits Taken . | . . . . . Unknown Exits Taken 4 | 1 1 1 1 . Scrap Searched . | . . . . . Spaces Dug . | . . . . . Terrain Destroyed 1 | . . . . 1 Melee . | . . . . . Projectile 1 | . . . . 1 AOE . | . . . . . Terrain Rammed . | . . . . . Walls Destroyed . | . . . . . Machines Disabled . | . . . . . Actions | -11 -10 -10 -10 -9 --------- Run | Yrd Mat Min Exi Min Total 1213 | 49 355 411 226 172 Wait 71 | . 20 19 2 30 Move 1034 | 43 300 343 218 130 Hop . | . . . . . Pick Up 22 | . 11 9 . 2 Fast Attach 12 | 6 3 2 1 . Attach 5 | . . 3 . 2 Detach 4 | . 2 . 2 . Swap 4 | . 1 . . 3 Drop 7 | . 2 2 3 . Fire 52 | . 16 32 . 4 Melee . | . . . . . Ram . | . . . . . Kick 2 | . . 1 . 1 Crush . | . . . . . Escape Stasis . | . . . . . Rewire . | . . . . . Trap . | . . . . . Miscellaneous . | . . . . . Route ------- -11/Scrapyard -10/Materials (discovered 2 exits: [*Min x2]) -10/Mines (discovered 2 exits: [*Mat] / *Exi) -10/Exiles -9/Mines History --------- Turn | Location | Event 6 | -11/Scrapyard | Discovered new exit (range 15) 72 | -11/Scrapyard | Entered Materials 74 | -10/Materials | Discovered new exit (range 16) 212 | -10/Materials | Discovered new exit (range 14) 303 | -10/Materials | Build established: Mutant 690 | -10/Materials | Entered Mines 703 | -10/Mines | Met a Derelict bent on vengeance 762 | -10/Mines | Lost 3 parts (1p1n1w) 830 | -10/Mines | Learned location of Storage (-9) 988 | -10/Mines | Core integrity fell below 50% 1221 | -10/Mines | Core integrity fell below 20% 1369 | -10/Mines | Found a hidden stash of uninstalled traps 1427 | -10/Mines | Discovered new exit (range 7) 1441 | -10/Mines | Assisted by bots powering up and referring to "LRC-V3" 1462 | -10/Mines | Deemed a non-threat by the Exiles lab entrance 1463 | -10/Mines | Discovered new exit (range 5) 1474 | -10/Mines | Entered Exiles 1474 | -10/Exiles | Accompanied by 3 allies 1524 | -10/Exiles | Met 8R-AWN 1558 | -10/Exiles | Met EX-HEX 1618 | -10/Exiles | Met EX-BIN 1641 | -10/Exiles | Aligned with FarCom system 1643 | -10/Exiles | Given EX-Vault access code 1687 | -10/Exiles | Opened EX-Vault 1702 | -10/Exiles | Found Latent Energy Streamer 1746 | -10/Exiles | Warned to stay clear of 0b10 Research branches 1800 | -10/Exiles | Met EX-DEC 1866 | -10/Exiles | Discovered new exit (range 12) 1895 | -10/Exiles | Left Exiles lab with Latent Energy Streamer 1895 | -10/Exiles | Entered Mines 1895 | -9/Mines | Accompanied by 3 allies 1972 | -9/Mines | A weapon hastily lodged in a ceiling crevice suddenly fell to the ground 2028 | -9/Mines | Assembled infested the area 2125 | -9/Mines | Lost 3 allies 2193 | -9/Mines | Destroyed by D-53 Grenadier with Mini Grenade Launcher Last Messages --------------- not as slow as it sounds." 01975_ Acquired Slug Cannon. 01989_ K-01 Serf collects debris. 02008_ Acquired derelict log, extracted data. World map updated: -8/Materials. 02025_ T-07 Excavator is excavating. 02028_ ALERT: Infestation in the mines, dispatching Demolisher response squad. 02028_ T-07 Excavator is excavating. 02070_ Destroyed Asb. Hover Unit. 02071_ as-15829 destroyed. 02071_ Mercenary 1a destroyed. 02072_ as-14856 suffers critical hit (Burn). 02073_ Destroyed Asb. Hover Unit. 02075_ K-01 Serf collects debris. 02086_ Kicked T-07 Excavator. 02097_ as-02236 destroyed. 02099_ Acquired 12 matter. 02156_ Acquired 13 matter. 02182_ K-01 Serf collects debris. Map ----- +----------------------------------------------------+ | ?????????????????????????????????????????????????? | | ?????????????????????????????????????????????????? | | ?????????????????????????????????????????????????? | | ?????????????????????????????????????????????????? | | ?????????????????????????????????????????????????? | | ?????????????????????????????????????????????????? | | ?????????????????????????????????????????????????? | | ?????????????????????????????????????????????????? | | ?????????????????####????????????????????????????? | | ?????????????????# ##??????#####???????????????? | | ?????????????????# #?????## ##??????????????? | | ??????????????????# #?????# #??????????????? | | ???????????????????# ####### #??????????????? | | ???????????????????#%[%! #??????????????? | | ??????????????????##%%####### ####???????????? | | ?????????????????##%| #?????## #???????????? | | ????????????????## #??????####### #???????????# | | ????????????? ### k #???????????# ##????????## | | ????????????? ############ #??????### | | ?????????????? | =##?????## | | ?????????????### d ###### #### #???#### | | ???????????????##d ## ### #??# ##### | | ????????????????## [% ## #??# | | ?????????????????## = # #??###### | | ??????????????????## ## #???????## | | ????????????????????# @ #######??## | | ????????????????????# #???##### | | ????????????????????# #### #???????## | | ??????????????????? = #??# #????????### | | ??????????????????# ###%# ## #??# #####??????? | | ??????????????????#???#!###### ##?## ##?????? | | ??????????????????????# ?????####### #?????? | | ?????????????????????## #######?## #?????? | | ?????????????????????# = #?# #?????? | | ?????????????????????# ### #?????? | | ?????????????????????# =[ #?????? | | ?????????????????????# #### ##?????? | | ?????????????????????# =#??# ###??????? | | ?????????????????????###T######??# ##????????? | | ???????????????????????###???????## ##?????????? | | ??????????????????????????????????#####??????????? | | ?????????????????????????????????????????????????? | | | | | | | | | | | | | | | | | +----------------------------------------------------+ Best States ------------- Heat Dissipation 25 Energy Generation 14 Energy Capacity 250 Matter Stores 300 Matter Capacity 300 Sight Range 16 Terrain Scan Density 10 Evasion (%) 55 Recoil Reduction 2 Item Schematics ----------------- None Robot Schematics ------------------ None Fabricated ------------ Nothing Alien Tech Used ----------------- None Achievements -------------- None Challenges ------------ None Game ------ Seed ThiefDecoyShotgun Manual? 0 Play Time 00:16:58 Cumulative 68.7 hours Start 2025.05.01 @ 18:45:23 End 2025.05.01 @ 19:02:23 Sessions 1 Manual Loads 0 Difficulty Rogue Special Mode None Game No. 33 Rogue 27 Adventurer 6 Explorer 0 Win Type - Total 2 Types 2/0/0/0/0/0/0/0/0 Lore% 23 Gallery% 40 Achievement% 36 Wizard Run 0 Options --------- Layout 1 ASCII 1 Keyboard 1 Movement Vi Keybinds 0 Fullscreen 1 Font 32/SmallcapsGlow Map View 50x35 Zoom Use 0% Tactical HUD 1 Map Filters NONE Filters NONE Steam 1 RUN: 6a2b2ba5-c1c4-476c-a4ce-93cf3d97e86f